 Dungeon Crawl Stone Soup version 0.22-a0-433-gd2a9cce (webtiles) character file.

72318 Gorglomux the Fighter (level 15, -3/125 HPs)
             Began as a Minotaur Abyssal Knight on May 27, 2018.
             Was a Priest of Makhleb.
             Slain by a large abomination (16 damage)
             ... on level 4 of the Abyss on May 28, 2018.
             The game lasted 00:33:29 (21602 turns).

Gorglomux the Fighter (Minotaur Abyssal Knight)    Turns: 21602, Time: 00:33:30

Health: -3/125     AC: 25    Str: 23 (24) XL:     15   Next: 0%
Magic:  21/21      EV: 11    Int:  9      God:    Makhleb [***...]
Gold:   1115       SH:  0    Dex:  6      Spells: 14/14 levels left

rFire    . . .     SeeInvis +   S - +1 war axe
rCold    . . .     Gourm    .   x - +0 buckler
rNeg     . . .     Faith    .   w - +3 chain mail "Dyovvam" {MR+}
rPois    .         Spirit   .   m - +2 hat
rElec    .         Reflect  .   n - +2 cloak
rCorr    .         Harm     .   i - +2 pair of gloves
MR       ++...     Rnd*Rage +   C - +2 pair of boots
Stlth    ..........             r - amulet of regeneration
HPRegen  0.70/turn              y - +5 ring of strength
MPRegen  0.17/turn              s - ring of see invisible

@: confused, hasted, very quick
A: retaliatory headbutt, horns 2, berserk 1[+2], blurry vision 1, [clumsy 2],
[deformed body], [deterioration 2], frail 1, [weak 2]
a: Minor Destruction, Lesser Servant of Makhleb, Renounce Religion


You were on level 4 of the Abyss.
You worshipped Makhleb.
Makhleb was most pleased with you.
You were very hungry.

You visited 3 branches of the dungeon, and saw 21 of its levels.
You visited the Abyss 2 times.
You also visited: Ossuary and Ice Cave.

You collected 1675 gold pieces.
You spent 560 gold pieces at shops.

Inventory:

Hand Weapons
 e - a +3 battleaxe of venom
 S - a +1 war axe (weapon)
Missiles
 Z - 2 throwing nets (quivered)
Armour
 i - a +2 pair of gloves (worn)
 m - a +2 hat (worn)
 n - a +2 cloak (worn)
 w - the +3 chain mail "Dyovvam" (worn) {MR+}
   (You found it on level 11 of the Dungeon)

   It affects your resistance to hostile enchantments.
 x - a +0 buckler (worn)
 C - a +2 pair of boots (worn)
 G - the +0 scale mail of Ygogotut {Dex+2 Slay+2}
   (You found it on level 5 of the Dungeon)

   It affects your dexterity (+2).
   It affects your accuracy and damage with ranged weapons and melee attacks
   (+2).
 N - a +0 crystal plate armour
Jewellery
 f - an uncursed ring of protection from fire
 g - an uncursed ring of resist corrosion
 r - an amulet of regeneration (around neck)
 s - a ring of see invisible (right hand)
 y - a +5 ring of strength (left hand)
 F - an uncursed ring of fire
Wands
 A - a wand of acid (3)
 D - a wand of digging (4)
 E - a wand of enslavement (16)
 I - a wand of iceblast (34)
 P - a wand of paralysis (36)
Scrolls
 j - 16 scrolls of remove curse
 k - 3 scrolls of fog
 p - 4 scrolls of fear
 z - 2 scrolls of amnesia
 B - 5 scrolls of blinking
 M - 10 scrolls of magic mapping
 O - 2 scrolls of immolation
 R - 8 scrolls of identify
 T - 8 scrolls of teleportation
 U - 3 scrolls of enchant weapon
Potions
 l - 5 potions of heal wounds
 o - 3 potions of resistance
 q - 6 potions of flight
 t - a potion of mutation {!q}
 u - a potion of haste
 H - 8 potions of brilliance
 J - 2 potions of lignification
 K - 3 potions of agility
 Q - a potion of curing
 V - 2 potions of might
Miscellaneous
 v - a lightning rod (3/4)
 W - a sack of spiders
 X - a phial of floods
 Y - a lamp of fire
Comestibles
 c - 36 rations


   Skills:
 + Level 14.9 Fighting
 + Level 14.6 Axes
 + Level 14.7 Armour
 + Level 8.2 Dodging
 - Level 9.0 Shields
 - Level 10.0 Invocations
 + Level 6.8 Evocations


You had 14 spell levels left.
You didn't know any spells.
Your spell library contained the following spells:

 Spells                   Type           Power        Failure   Level  Hunger
 Conjure Flame            Conj/Fire      #.......     99%         3    ####...
 Throw Frost              Conj/Ice       #.....       95%         2    ###....
 Freezing Cloud           Conj/Ice/Air   #.........   100%        6    #######
 Mephitic Cloud           Conj/Pois/Air  #.......     99%         3    ####...
 Ring of Flames           Chrm/Fire      #.........   100%        7    #######
 Venom Bolt               Conj/Pois      #.........   100%        5    ######.
 Olgreb's Toxic Radiance  Pois           #.......     100%        4    #####..
 Animate Dead             Necr           N/A          100%        4    #####..
 Freeze                   Ice            #...         88%         1    ##.....
 Summon Ice Beast         Ice/Summ       #.......     100%        4    #####..
 Ozocubu's Armour         Chrm/Ice       #.......     99%         3    ####...
 Sting                    Conj/Pois      #...         88%         1    ##.....
 Stone Arrow              Conj/Erth      #.....       99%         3    ####...
 Recall                   Summ/Tloc      N/A          99%         3    ####...
 Death Channel            Necr           #.........   100%        6    #######
 Deflect Missiles         Chrm/Air       #.........   100%        6    #######
 Throw Icicle             Conj/Ice       #.......     100%        4    #####..
 Passwall                 Tmut/Erth      #.......     95%         2    ###....
 Silence                  Hex/Air        #.........   100%        5    ######.
 Lee's Rapid Deconstruct  Erth           #.........   100%        5    ######.
 Sandblast                Erth           #.....       88%         1    ##.....
 Simulacrum               Ice/Necr       #.........   100%        6    #######
 Conjure Ball Lightning   Conj/Air       #.........   100%        6    #######
 Petrify                  Tmut/Erth      #.......     100%        4    #####..
 Tornado                  Air            #.........   100%        9    #######
 Summon Lightning Spire   Summ/Air       #.......     100%        4    #####..
 Poisonous Vapours        Pois/Air       #.....       95%         2    ###....
 Borgnjor's Vile Clutch   Necr/Erth      #.........   100%        5    ######.


Dungeon Overview and Level Annotations

Branches:
Dungeon (14/15)            Temple (1/1) D:4            Lair (6/6) D:8
  Swamp (0/4) Lair:4        Snake (0/4) Lair:2        Slime (0/5) Lair:5
    Orc (0/2) D:10
 Vaults: D:13-14

Altars:
Elyvilon
Hepliaklqana
Makhleb
Trog
Xom
Yredelemnul

Shops:
D:11 }   D:12 :

Annotations:
Lair:5 exclusion: 3 oklob plants
Abyss:1 Grinder, Harold, Menkaure, Psyche, Snorg


Innate Abilities, Weirdness & Mutations

You reflexively headbutt those who attack you in melee.
You have a pair of horns on your head.
Scrolls take you a little longer to read.
You are frail. (-10% HP)
[You have an uncontrollable temper.]
[You are very clumsy. (Dex -4)]
[Armour fits poorly on your strangely shaped body.]
[Your body often deteriorates upon taking damage.]
[You are very weak. (Str -4)]


Message History

A large abomination butts into view!
The golden eye butts!!!
The golden eye blinks at you!
You easily resist!
The golden eye blinks!!!
The golden eye butts at you!
You butt with almost no effort!
Unknown command!
Unknown command!
Unknown command!
Unknown command!
Unknown command!
You feel better!
The Executioner butts you!!! * * * don'butt die
* * * The Butt barely misses you!
The Executioner hits you butt does no damage!
The glowing orange brain pulsates!
You are confused!
The cacodemon gestures at you! You resist with almost no effort!
The large abomination hits you!!! rip

##### ###...##
##......##
#..x#G#..##
#X.##.##XX##
#xG.Gz.#x.X.
#Xx#G###.X.
#X@21.J.###
###2X...#z#
...XX.'2#J..#G.
..#.###X§.§§#§#
..§§.x### ###
#....
.#GzG#x... X
#G##G.##
.xx#+#. ##


You could see 3 cacodemons, an Executioner, a titanic slime creature, a large
slime creature, 2 shining eyes, 3 glowing orange brains, 9 large abominations, 4
small abominations, 3 flying skulls, 3 golden eyes and a macabre mass.

Vanquished Creatures
  2 tentacled starspawn
  A hydra (D:14)
  3 death yaks (Lair:6)
  A satyr (Abyss:3)
  3 two-headed ogres
  A thrashing horror (Abyss:3)
  The ghost of Gorglomux the Fighter, a novice MiAK of Lugonu (D:8)
  A wretched star (D:13)
  4 unseen horrors
  A swamp dragon (Abyss:3)
  Pikel (D:6)
  8 deep elf magi (D:12)
  A necromancer (IceCv)
  An ugly thing (D:10)
  2 cyclopes
  A worldbinder (Abyss:3)
  A manticore (D:11)
  10 elephants
  A black mamba (Lair:6)
  2 torpor snails
  A gargoyle (D:13)
  An ice statue (IceCv)
  An orange demon (Abyss:2)
  8 spiny frogs
  The ghost of mortelune the Magician, a novice GnWz of Cheibriados (D:5)
  4 komodo dragons
  3 rime drakes
  13 freezing wraiths
  An ancient zyme (Abyss:2)
  4 trolls
  2 raiju (Abyss:3)
  3 polar bears
  19 blink frogs
  A hornet (Lair:6)
  10 hippogriffs
  5 large abominations
  4 slime creatures (D:13)
  2 dream sheep (Lair:6)
  A blink frog (shapeshifter) (D:13)
  2 meliai zombies (D:14)
  11 spriggans
  A shadow (D:11)
  10 starcursed masses
  2 wraiths (D:14)
  A vampire (D:14)
  2 wyverns
  Eustachio (D:6)
  A water elemental (D:14)
  62 yaks
  3 basilisks
  A neqoxec (Abyss:3)
  2 death yak simulacra (IceCv)
  Edmund (D:6)
  2 acid dragons
  2 small abominations
  10 water moccasins
  10 porcupines
  12 ice beasts
  6 sky beasts
  6 orc warriors
  A necrophage (D:13)
  3 phantoms
  3 slaves (D:6)
  7 black bears
  16 wolves
  4 boggarts (Lair:6)
  6 centaurs
  6 ogres
  14 crocodiles
  15 bullfrogs
  11 big kobolds
  A wyvern skeleton (D:7)
  3 scorpions
  15 killer bees
  17 wights
  4 howler monkeys
  3 electric eels
  5 crimson imps
  2 draconian simulacra (IceCv)
  A quasit (D:10)
  2 bullfrog zombies
  3 centaur zombies
  4 hounds
  4 jellies
  6 orc priests
  5 bullfrog skeletons
  A human zombie (Ossuary)
  8 orc wizards
  4 centaur skeletons
  4 iguanas
  A polar bear simulacrum (IceCv)
  9 troll simulacra (IceCv)
  7 worker ants
  A wolf simulacrum (IceCv)
  A big kobold zombie (Ossuary)
  6 centaur simulacra
  2 hound zombies
  A hound skeleton (D:5)
  3 mummies
  9 adders
  6 gnolls
  An ogre simulacrum (IceCv)
  3 naga simulacra (IceCv)
  3 shadow imps
  24 white imps
  An adder zombie (D:6)
  3 worms
  2 dart slugs
  2 leopard geckos
  51 orcs
  4 giant cockroaches
  5 goblins
  9 hobgoblins
  21 jackals
  A quokka (D:6)
  3 ball pythons
  A ball python zombie (D:5)
  4 bats
  3 frilled lizards
  9 hobgoblin zombies
  5 jackal zombies (Ossuary)
  56 kobolds
  11 kobold zombies
  8 orc zombies (Ossuary)
  8 rats
  10 fungi
  5 plants
  3 starspawn tentacles (IceCv)
758 creatures vanquished.

Vanquished Creatures (collateral kills)
  A white imp (IceCv)
1 creature vanquished.

Vanquished Creatures (others)
  The ghost of Tovarisch the Zephyrmancer, a journeyman DEWz of Vehumet (Lair:2)
  2 hydras (Lair:4)
  An ugly thing (D:11)
  2 oklob plants (Lair:5)
  2 deep elf magi
  A hornet (Lair:6)
  A shadow (D:11)
  A spriggan (Lair:6)
  A water moccasin (D:8)
  A porcupine (D:8)
  2 electric eels (Lair:6)
  An orc priest (D:8)
  3 kobolds (D:12)
  19 fungi
  9 plants
  2 starspawn tentacles
49 creatures vanquished.

Grand Total: 808 creatures vanquished

Notes
Turn   | Place    | Note
-------+----------+-------------------------------------------
     0 | Abyss:1  | Gorglomux the Minotaur Abyssal Knight began the quest for the Orb.
     0 | Abyss:1  | Reached XP level 1. HP: 19/19 MP: 1/1
     3 | Abyss:1  | Found a corrupted altar of Lugonu.
    47 | Abyss:2  | Noticed a starcursed mass
    49 | Abyss:2  | Noticed a spatial vortex
    52 | Abyss:2  | Noticed a thrashing horror
    68 | Abyss:2  | Noticed a ynoxinul
   102 | Abyss:2  | Noticed a hellwing
   110 | Abyss:3  | Noticed a wretched star
   111 | D:1      | Escaped the Abyss
   207 | D:1      | Reached XP level 2. HP: 14/27 MP: 2/2
   213 | D:1      | Reached * piety under Lugonu
   510 | D:1      | Reached skill level 3 in Armour
   511 | D:1      | Reached skill level 3 in Axes
   518 | D:1      | Reached XP level 3. HP: 23/33 MP: 3/3
   655 | D:2      | Found a basalt altar of Yredelemnul.
  1010 | D:2      | Reached XP level 4. HP: 32/40 MP: 4/4
  1770 | D:3      | Reached ** piety under Lugonu
  1772 | D:3      | Reached XP level 5. HP: 45/47 MP: 6/6
  2110 | D:3      | Reached skill level 3 in Invocations
  2188 | D:3      | Noticed a two-headed ogre
  2350 | D:3      | Reached skill level 1 in Shields
  2458 | D:3      | Reached XP level 6. HP: 51/56 MP: 7/7
  2525 | D:3      | Reached *** piety under Lugonu
  2630 | D:3      | Reached XP level 7. HP: 57/61 MP: 8/8
  2668 | D:3      | Reached skill level 3 in Shields
  3076 | D:4      | Found a staircase to the Ecumenical Temple.
  3173 | D:4      | Reached skill level 6 in Fighting
  3431 | D:5      | Entered Level 5 of the Dungeon
  3523 | D:5      | Noticed Grinder
  3555 | D:5      | Got a smoking scale mail
  3562 | D:5      | Found a sand-covered staircase.
  3568 | D:5      | Paralysed by Grinder for 3 turns
  3572 | D:5      | Banished Grinder
  3572 | D:5      | Reached XP level 8. HP: 61/71 MP: 5/10
  3578 | Ossuary  | Entered an ossuary
  3645 | Ossuary  | Reached **** piety under Lugonu
  3865 | D:5      | Noticed mortelune's ghost (novice GnWz)
  3899 | D:5      | Reached skill level 6 in Armour
  3906 | D:5      | Killed mortelune's ghost
  3906 | D:5      | Reached skill level 6 in Axes
  4374 | D:5      | Identified the cursed +0 scale mail of Ygogotut {Dex+2 Slay+2} (You found it on level 5 of the Dungeon)
  4479 | D:6      | Noticed Eustachio
  4512 | D:6      | Killed Eustachio
  4512 | D:6      | Reached XP level 9. HP: 60/80 MP: 12/12
  4617 | D:6      | Found a white marble altar of Elyvilon.
  4641 | D:6      | Noticed Edmund
  4651 | D:6      | Killed Edmund
  4651 | D:6      | Reached skill level 6 in Invocations
  4670 | D:6      | Noticed Menkaure
  4675 | D:6      | Banished Menkaure
  4898 | D:6      | Noticed Pikel
  4911 | D:6      | Killed Pikel
  5767 | D:7      | Reached skill level 9 in Fighting
  5773 | D:7      | Reached ***** piety under Lugonu
  6213 | D:8      | Reached XP level 10. HP: 69/91 MP: 14/14
  6537 | D:8      | Reached skill level 9 in Armour
  6557 | D:8      | Reached skill level 9 in Axes
  6625 | D:8      | HP: 2/91 [orc priest/divine providence (12)]
  6897 | D:8      | Noticed Gorglomux's ghost (novice MiAK)
  6932 | D:8      | Killed Gorglomux's ghost
  7337 | D:8      | Found a staircase to the Lair.
  7749 | D:8      | Found a basalt altar of Yredelemnul.
  7750 | D:8      | Noticed a deep elf mage
  7752 | D:8      | Noticed a rust devil
  7755 | D:8      | Noticed a soul eater
  7756 | D:8      | Banished a deep elf mage
  8566 | D:10     | Entered Level 10 of the Dungeon
  8569 | D:10     | Noticed a two-headed ogre
  8583 | D:10     | Killed a two-headed ogre
  8583 | D:10     | Reached XP level 11. HP: 54/101 MP: 16/16
  8908 | D:10     | Found a staircase to the Orcish Mines.
  9119 | D:10     | Reached skill level 9 in Invocations
  9479 | D:10     | Noticed Harold
  9480 | D:10     | Banished Harold
  9489 | D:10     | Noticed Snorg
  9494 | D:10     | Banished Snorg
  9754 | D:11     | Got an iridescent dagger
  9755 | D:11     | Identified the +7 dagger of Duty {flame, *Drain rF+++ Int+3 SInv} (You found it on level 11 of the Dungeon)
  9799 | D:11     | Found Goyrotej's Gadget Shoppe.
  9806 | D:11     | Bought a phial of floods for 560 gold pieces
  9881 | D:11     | Noticed a green ugly thing
  9906 | D:10     | Killed a green ugly thing
 10131 | D:11     | Got a smoking chain mail
 10153 | D:11     | Identified the +3 chain mail "Dyovvam" {MR+} (You found it on level 11 of the Dungeon)
 10236 | D:11     | Noticed a cyan ugly thing
 10239 | D:11     | Noticed a two-headed ogre
 10272 | D:11     | Banished a cyan ugly thing
 10374 | D:11     | Killed a two-headed ogre
 10622 | D:11     | Found a shimmering altar of Xom.
 10743 | D:12     | Reached skill level 12 in Fighting
 10745 | D:12     | Reached XP level 12. HP: 81/112 MP: 18/18
 11070 | Lair:1   | Entered Level 1 of the Lair of Beasts
 11128 | Lair:1   | Reached skill level 12 in Armour
 11148 | Lair:1   | Reached skill level 12 in Axes
 11294 | Lair:1   | Identified a scroll of acquirement
 11631 | Lair:2   | Reached skill level 1 in Evocations
 11689 | Lair:2   | Reached ****** piety under Lugonu
 11709 | Lair:2   | Noticed Tovarisch's ghost (journeyman DEWz)
 11711 | Lair:2   | Banished Tovarisch's ghost
 11942 | Lair:2   | Found a staircase to the Snake Pit.
 12244 | Lair:3   | Noticed a seven-headed hydra
 12249 | Lair:3   | Banished an eight-headed hydra
 12468 | Lair:3   | Reached skill level 3 in Dodging
 13153 | Lair:4   | Noticed an eight-headed hydra
 13154 | Lair:4   | Banished an eight-headed hydra
 13389 | Lair:4   | Reached XP level 13. HP: 118/122 MP: 19/19
 13487 | Lair:4   | Found a runed door.
 13668 | Lair:4   | Found a staircase to the Swamp.
 13707 | Lair:4   | Reached skill level 3 in Evocations
 14263 | Lair:5   | Reached skill level 6 in Shields
 15206 | Lair:5   | Found a staircase to the Slime Pits.
 15385 | Lair:6   | Entered Level 6 of the Lair of Beasts
 16256 | Lair:6   | Reached skill level 6 in Dodging
 16713 | Lair:6   | Reached XP level 14. HP: 105/132 MP: 20/20
 17205 | D:12     | Found Ufant's Book Shoppe.
 17273 | D:12     | Noticed Psyche
 17287 | D:12     | Banished Psyche
 18329 | Temple   | Entered the Ecumenical Temple
 18345 | Temple   | Fell from the grace of Lugonu
 18345 | Temple   | Became a worshipper of Makhleb the Destroyer
 18606 | D:13     | Found a frozen archway.
 18622 | IceCv    | Entered an ice cave
 18797 | IceCv    | Reached * piety under Makhleb
 18930 | IceCv    | Noticed a tentacled starspawn
 18942 | IceCv    | Killed a tentacled starspawn
 19171 | IceCv    | Found an ancient bone altar of Kikubaaqudgha.
 19207 | IceCv    | Reached ** piety under Makhleb
 19258 | IceCv    | Noticed a starcursed mass
 19789 | D:13     | Reached skill level 6 in Evocations
 19943 | D:13     | Reached skill level 9 in Shields
 20022 | D:13     | Noticed a starcursed mass
 20128 | D:13     | Gained mutation: You are extremely frail. (-30% HP) [mutagenic glow]
 20178 | D:13     | Gained mutation: [You tend to lose your temper in combat.] [mutagenic glow]
 20808 | D:14     | Reached *** piety under Makhleb
 21075 | D:14     | Cast into level 2 of the Abyss (Lugonu's touch)
 21200 | Abyss:2  | Noticed a starcursed mass
 21238 | Abyss:2  | Noticed a tentacled starspawn
 21291 | Abyss:2  | Killed a tentacled starspawn
 21370 | Abyss:2  | Noticed a tentacled starspawn
 21474 | Abyss:3  | Gained mutation: Scrolls take you a little longer to read. [a neqoxec]
 21577 | Abyss:3  | Reached XP level 15. HP: 57/125 MP: 21/21
 21594 | Abyss:4  | Noticed an Executioner
 21602 | Abyss:4  | Slain by a large abomination

Vault maps used:
D:1:      tarquinn_simple_flora_water_a
D:2:      nicolae_overflow_crystal_walls
D:3:      minmay_goblin_kobold_castle
D:4:      temple_green
D:5:      nicolae_ossuary_entry_giza, first_ration, uniq_grinder
D:6:      basic_altar, uniq_eustachio, uniq_pikel, uniq_edmund, uniq_menkaure
D:7:      hangedman_decor_clover_reticule
D:8:      grunt_lair_entry_orc_guard_hut, the_bakery, david_defended_altar_elf
D:10:     orc_0_dummy, uniq_snorg, uniq_harold
D:11:     serial_shops, shop, basic_altar, grunt_potential
D:12:     serial_shops, nicolae_shop_crystal, elves_outpost_lemuel, uniq_psyche
D:13:     serial_ice, serial_ice_h, serial_ice_b, serial_ice_l, serial_ice_a,
          portal_ice_cave_entry_imps
D:14:     david_vaults_4, minivault_14
Temple:   roderic_octagonal_lattice_temple
Lair:2:   dummy_snake_entry, hangedman_lair_unloving_vines, grunt_megastairs_4,
          infiniplex_staircase_pool
Lair:3:   st_stairs_13, grunt_megastairs_5
Lair:4:   swamp_mist, pf_torpor_hydra
Lair:5:   minmay_slime_entry_oklob_enclosed, minivault_11,
          grunt_forest_small_clearing_treed, minmay_lair_oklob_chamber,
          grunt_megastairs_1
Lair:6:   minmay_lair_end_enchanted_forest, serial_bayou_lake_a
Abyss:2:  minivault_4
Abyss:3:  nicolae_abyss_rune_star_stuff, hangedman_cross_veins,
          grunt_abyss_rune_wretched_hive
Abyss:4:  hangedman_abyss_rune_macabre_mess
Ossuary:  ossuary_tomb_1
IceCv:    ice_cave_small_necro

Skill      XL: |  1  2  3  4  5  6  7  8  9 10 11 12 13 14 |
---------------+-------------------------------------------+-----
Invocations    | 2 3 4 5 7 8 9 10 | 10.0
Fighting       | 4 5 6 7 9 10 12 13 14 | 14.9
Armour         | 3 4 5 7 8 10 11 12 13 14 | 14.7
Axes           | 3 4 5 7 8 10 11 12 13 14 | 14.6
Shields        | 1 2 3 4 5 7 9 |  9.0
Evocations     | 2 5 6 |  6.8
Dodging        | 3 6 8 |  8.2

Action                   |  1- 3 |  4- 6 |  7- 9 | 10-12 | 13-15 || total
-------------------------+-------+-------+-------+-------+-------++-------
Melee: Hand axe          |    76 |    93 |       |       |       ||   169
       Headbutt          |     4 |    26 |    73 |   171 |   310 ||   584
       War axe           |       |    63 |   322 |   592 |  1193 ||  2170
       Unarmed           |       |       |     4 |       |       ||     4
       Dagger            |       |       |       |    91 |       ||    91
       Broad axe         |       |       |       |       |     6 ||     6
Invok: Depart the Abyss  |     1 |       |       |       |       ||     1
       Banish            |       |       |     3 |    13 |    15 ||    31
       Bend Space        |       |       |       |     2 |     3 ||     5
       Minor Destruction |       |       |       |       |    10 ||    10
Evoke: Lightning rod     |       |       |       |       |     7 ||     7
       Wand              |       |       |       |       |     1 ||     1
       Lamp of fire      |       |       |       |       |     1 ||     1
       Phial of floods   |       |       |       |       |     1 ||     1
  Use: Scroll            |       |       |     7 |    22 |     7 ||    36
       Potion            |       |       |     1 |     2 |    12 ||    15
 Stab: Distracted        |       |       |       |     1 |       ||     1
  Eat: Chunk             |       |     6 |    16 |    20 |    24 ||    66
       Ration            |       |       |     2 |       |     2 ||     4
Armor: Leather armour    |    25 |     2 |       |       |       ||    27
       Chain mail        |       |    96 |    96 |   221 |   729 ||  1142
       Scale mail        |       |       |    70 |   190 |       ||   260
       Skin              |       |       |       |       |    45 ||    45
Dodge: Dodged            |    56 |    84 |   140 |   275 |   583 ||  1138
Block: Buckler           |       |    23 |    72 |   145 |   303 ||   543

Table legend:
 A = Spawn XP
 B = Non-spawn XP
 C = Spawn XP percentage of total XP
 D = Spawn monster count
 E = Non-spawn monster count
 F = Spawn count percentage of total count
 G = Total turns spent on level
                    A         B        C        D         E        F      G
               +---------+---------+-------+---------+---------+-------+---------
         Total |    5986 |   97326 |   5.8 |      12 |     735 |   1.6 | 21602
               +---------+---------+-------+---------+---------+-------+---------
           D:1 |       0 |      41 |   0.0 |       0 |      23 |   0.0 |   765
           D:2 |       0 |      91 |   0.0 |       0 |      20 |   0.0 |   769
           D:3 |       0 |     905 |   0.0 |       0 |      81 |   0.0 |  1380
           D:4 |       0 |     115 |   0.0 |       0 |      16 |   0.0 |   483
           D:5 |       0 |    1194 |   0.0 |       0 |      16 |   0.0 |   749
           D:6 |       0 |    1441 |   0.0 |       0 |      21 |   0.0 |   677
           D:7 |       0 |    1330 |   0.0 |       0 |      20 |   0.0 |  1150
           D:8 |       0 |    4774 |   0.0 |       0 |      55 |   0.0 |  2093
           D:9 |       0 |     635 |   0.0 |       0 |       9 |   0.0 |   877
          D:10 |       0 |    6695 |   0.0 |       0 |      47 |   0.0 |  1132
          D:11 |       0 |    3744 |   0.0 |       0 |      28 |   0.0 |  1075
          D:12 |       0 |   10218 |   0.0 |       0 |      54 |   0.0 |   786
          D:13 |       0 |    5632 |   0.0 |       0 |      38 |   0.0 |  1087
          D:14 |       0 |    7321 |   0.0 |       0 |      26 |   0.0 |   548
        Lair:1 |       0 |    4850 |   0.0 |       0 |      26 |   0.0 |   416
        Lair:2 |       0 |    4212 |   0.0 |       0 |      20 |   0.0 |   778
        Lair:3 |       0 |    2250 |   0.0 |       0 |      10 |   0.0 |   850
        Lair:4 |       0 |    6805 |   0.0 |       0 |      20 |   0.0 |  1203
        Lair:5 |       0 |    9385 |   0.0 |       0 |      37 |   0.0 |  1451
        Lair:6 |       0 |   16134 |   0.0 |       0 |      73 |   0.0 |  1271
       Abyss:2 |    3539 |    1051 |  77.1 |       4 |       2 |  66.7 |   393
       Abyss:3 |    2447 |    2080 |  54.1 |       8 |       3 |  72.7 |   224
       Ossuary |       0 |     185 |   0.0 |       0 |      36 |   0.0 |   276
         IceCv |       0 |    6238 |   0.0 |       0 |      54 |   0.0 |  1115
               +---------+---------+-------+---------+---------+-------+---------
